AoeStats
← Simon Stokvis

Fortress

507053466Analyzed
4v4 RM · 15d ago on Sep 16, 2026· 35m 29s· 8 players
Game mode
Random Map
Map size
Huge
Population
200
Speed
Normal
Resources
Standard
Victory
Conquest
Starting age
Dark Age
Ending age
Imperial Age
RankedLock teamsTeams togetherTeam positionsShared explorationLock speedFull tech treeHidden civsTurbo modeCheats
Victory
Defeat
🇹🇼 Bengalis · Taiwan
1592
+14
1544
+16
🇺🇸 Berbers · United States
1482
+19
🇮🇳 Turks · India
1458
+19
🇵🇹 Saracens · Portugal
1584
-19
🇫🇮 Dravidians · Finland
1570
-18
1525
-16
🇳🇱 Italians · Netherlands
1501
-15
Santoryu
7:56 Feudal Age
11:33 Castle Age
9:30 Double-Bit Axe
10:11 Loom
10:36 Horse Collar
13:08 Bow Saw
35:37 Wheelbarrow
Pyrrhos
7:21 Feudal Age
11:19 Castle Age
10:37 Double-Bit Axe
10:35 Horse Collar
12:25 Bow Saw
12:21 Heavy Plow
18:17 Wheelbarrow
21:19 Hand Cart
20:58 Gold Mining
22:46 Stone Mining
23:43 Fletching
27:08 Imperial Age
25:21 Loom
25:22 Town Watch
26:04 Bodkin Arrow
26:10 Padded Archer Armor
26:28 Medical Corps
26:39 Thumb Ring
27:53 Leather Archer Armor
28:26 Ballistics
28:23 Bracer
29:45 Chemistry
28:27 Elite Elephant Archer
29:43 Conscription
32:21 Ring Archer Armor
34:47 Guilds
34:37 Guard Tower
34:39 Siege Elephant
Simon Stokvis
7:31 Feudal Age
11:46 Castle Age
9:51 Double-Bit Axe
10:21 Horse Collar
14:01 Bow Saw
15:58 Loom
20:41 Ballistics
20:53 Fletching
26:07 Imperial Age
24:37 Bodkin Arrow
25:46 Town Watch
26:03 Padded Archer Armor
27:47 Chemistry
26:51 Bracer
27:06 Leather Archer Armor
29:32 Ring Archer Armor
34:01 Elite Genoese Crossbowman
Мамкин руинер
7:31 Feudal Age
11:01 Castle Age
9:40 Double-Bit Axe
9:38 Horse Collar
12:10 Bow Saw
17:42 Wheelbarrow
17:16 Loom
18:37 Gold Mining
20:02 Hand Cart
19:46 Stone Mining
22:18 Padded Archer Armor
25:53 Imperial Age
23:46 Leather Archer Armor
23:36 Husbandry
23:46 Bloodlines
24:58 Stone Shaft Mining
25:32 Fletching
25:49 Scale Barding Armor
25:55 Forging
28:12 Bodkin Arrow
28:58 Supremacy
Sain
7:25 Feudal Age
10:58 Castle Age
9:14 Double-Bit Axe
9:29 Horse Collar
10:03 Gold Mining
12:36 Bow Saw
18:41 Heavy Plow
21:02 Loom
21:53 Wheelbarrow
21:55 Gold Shaft Mining
21:14 Stone Mining
23:00 Stone Shaft Mining
25:33 Imperial Age
23:59 Bloodlines
24:00 Fletching
24:10 Padded Archer Armor
24:26 Kasbah
24:36 Thumb Ring
25:03 Ballistics
25:01 Bodkin Arrow
25:52 Leather Archer Armor
26:25 Bracer
27:36 Chemistry
27:28 Husbandry
29:52 Siege Engineers
31:48 Ring Archer Armor
32:50 Elite Camel Archer
33:29 Town Watch
34:02 Hand Cart
33:33 Town Watch
34:39 Crop Rotation
34:46 Conscription
34:54 Caravan
36:23 Hoardings
36:02 Masonry
35:32 Treadmill Crane
ImperialSheep
7:32 Feudal Age
11:17 Castle Age
9:30 Double-Bit Axe
9:35 Horse Collar
14:42 Loom
口古口古嘎嘎
2:05 Double-Bit Axe
3:29 Horse Collar
8:15 Feudal Age
11:53 Castle Age
10:33 Bow Saw
10:43 Heavy Plow
14:02 Two-Man Saw
16:39 Wheelbarrow
18:14 Hand Cart
19:18 Loom
23:50 Imperial Age
21:14 Gold Mining
21:42 Treadmill Crane
22:23 Squires
22:25 Scale Mail Armor
22:36 Forging
23:39 Arson
24:32 Iron Casting
24:15 Chain Mail Armor
24:10 Capped Ram
26:00 Plate Mail Armor
26:06 Iron Casting
32:28 Gold Shaft Mining
31:43 Stone Mining
34:47 Blast Furnace
yclin124
8:08 Feudal Age
12:00 Castle Age
10:35 Double-Bit Axe
10:33 Horse Collar
10:45 Gold Mining
14:07 Bow Saw
14:53 Heavy Plow
21:24 Wheelbarrow
20:36 Loom
22:33 Gold Shaft Mining
21:49 Stone Mining
23:00 Hand Cart
22:35 Town Watch
25:30 Imperial Age
23:07 Fletching
23:18 Padded Archer Armor
23:29 Masonry
24:12 Hand Cart
24:36 Paiks
24:27 Bodkin Arrow
25:00 Ballistics
26:11 Leather Archer Armor
25:40 Treadmill Crane
26:27 Bracer
27:28 Chemistry
26:10 Treadmill Crane
27:51 Ring Archer Armor
27:23 Husbandry
27:39 Bloodlines
27:44 Elite Elephant Archer
30:04 Conscription
32:49 Mahayana
33:07 Caravan
Connection lost

Rejoining the realm…

Still unreachable

The connection could not be restored.

Session expired

The server has moved on; the page needs a fresh start.